 Dungeon Crawl Stone Soup version 0.23.2-40-g277498a (webtiles) character file.

Game seed: 5060450322454830410

9937 Fondut the Destroyer (level 11, -1/96 (97) HPs)
             Began as a Red Draconian Conjurer on Oct 5, 2019.
             Was an Elder of Dithmenos.
             Slain by a six-headed hydra (10 damage)
             ... on level 1 of the Lair of Beasts.
             The game lasted 00:36:32 (15309 turns).

Fondut the Destroyer (Red Draconian Conjurer)      Turns: 15309, Time: 00:36:33

HP:   -1/96 (97)    AC:  5    Str: 12    XL:     11   Next: 29%
MP:   7/21          EV: 12    Int: 27    God:    Dithmenos [****..]
Gold: 476           SH:  0    Dex: 11    Spells: 10/24 levels left

rFire    + . .     SeeInvis .   x - +4 trident "Fociok" {venom, Int+5}
rCold    . . .     Gourm    .   (no shield)
rNeg     . . .     Faith    .   (armour unavailable)
rPois    +         Spirit   .   (helmet restricted)
rElec    .         Reflect  .   (no cloak)
rCorr    .         Harm     .   (no gloves)
MR       .....                  m - +0 pair of boots
Stlth    ++........             d - amulet of magic regeneration
HPRegen  0.26/turn              l - -3 ring of protection (curse)
MPRegen  0.42/turn              B - ring of Satisfaction {rPois Str+2 Int+2}

@: wreathed by umbra
A: breathe fire, unfitting armour, fire resistance 1, cold-blooded, AC +7
a: Breathe Fire, Shadow Step, Renounce Religion


You were on level 1 of the Lair of Beasts.
You worshipped Dithmenos.
Dithmenos was greatly pleased with you.
You were not hungry.

You visited 3 branches of the dungeon, and saw 12 of its levels.

You collected 476 gold pieces.

Inventory:

Hand Weapons
 k - the +5 falchion "Ankacw" {flame, rElec}
   (You found it on level 5 of the Dungeon)

   It has been specially enchanted to burn those struck by it, causing extra
   injury to most foes and up to half again as much damage against particularly
   susceptible opponents.
   Big, fiery blades are also staple armaments of hydra-hunters.
   It insulates you from electricity.
 o - a +2 falchion of venom
 x - the +4 trident "Fociok" (weapon) {venom, Int+5}
   (You found it on level 7 of the Dungeon)

   It poisons the flesh of those it strikes.
   It affects your intelligence (+5).
 A - a +0 dagger
Missiles
 g - 341 stones (quivered)
Armour
 m - a +0 pair of boots (worn)
Jewellery
 b - an uncursed ring of poison resistance
 c - a cursed ring of teleportation {unknown}
 d - an amulet of magic regeneration (around neck)
 l - a cursed -3 ring of protection (left hand)
 w - a +3 amulet of reflection
 B - the ring of Satisfaction (right hand) {rPois Str+2 Int+2}
   (You found it on level 7 of the Dungeon)

   [ring of strength]

   It affects your strength (+2).
   It affects your intelligence (+2).
   It protects you from poison.
 G - an uncursed ring of resist corrosion
 I - an uncursed ring of ice {unknown}
Wands
 n - a wand of polymorph (13)
 s - a wand of digging (4)
 y - a wand of random effects (14)
 F - a wand of clouds (7)
 H - a wand of paralysis (11)
Scrolls
 a - 4 scrolls of enchant weapon
 f - 3 scrolls of teleportation
 i - a scroll of enchant armour
 q - 2 scrolls of fog
 r - 6 scrolls of identify
 C - a scroll of immolation
 D - a scroll of magic mapping
 E - a scroll of amnesia
 J - a scroll of fear
 N - a scroll of noise {unknown}
Potions
 h - 6 potions of curing
 j - 4 potions of agility
 p - 2 potions of invisibility
 t - a potion of lignification
 u - 2 potions of heal wounds
 v - 2 potions of haste
 z - 3 potions of might
 K - a potion of ambrosia
 M - 2 potions of degeneration {unknown}
Comestibles
 e - 10 rations
 L - 3 chunks of flesh


   Skills:
 + Level 9.2 Fighting
 - Level 1.7 Dodging
 - Level 1.7 Stealth
 - Level 7.0 Spellcasting
 * Level 12.3 Conjurations
 - Level 3.1 Hexes
 + Level 6.5 Invocations


You had 10 spell levels left.
You knew the following spells:

 Your Spells              Type           Power        Failure   Level  Hunger
a - Magic Dart            Conj           ####         1%          1    None
b - Searing Ray           Conj           ######       1%          2    None
c - Iskenderun's Mystic   Conj           ######..     1%          4    ###....
d - Fulminant Prism       Conj/Hex       ######....   2%          4    ###....
e - Dazzling Spray        Conj/Hex       ######       1%          3    None

Your spell library contained the following spells:

 Spells                   Type           Power        Failure   Level  Hunger
 Corona                   Hex            ####...      1%          1    None
 Stone Arrow              Conj/Erth      #####.       1%          3    None
 Slow                     Hex            ####....     2%          2    None
 Ensorcelled Hibernation  Hex/Ice        ###...       4%          2    None
 Confuse                  Hex            ####....     4%          3    None
 Tukima's Dance           Hex            ####....     4%          3    None
 Force Lance              Conj/Tloc      #####...     4%          4    ###....
 Sandblast                Erth           #.....       6%          1    None
 Passwall                 Tmut/Erth      #.......     9%          2    None
 Inner Flame              Hex/Fire       ###.....     9%          3    None
 Portal Projectile        Hex/Tloc       ###...       9%          3    None
 Cause Fear               Hex            ####......   16%         4    ###....
 Leda's Liquefaction      Hex/Erth       ###.......   30%         4    ###....
 Petrify                  Tmut/Erth      #.......     50%         4    ###....
 Silence                  Hex/Air        ###.......   63%         5    #####..
 Yara's Violent Unravell  Hex/Tmut       ###.......   63%         5    #####..
 Lee's Rapid Deconstruct  Erth           #.........   85%         5    #####..
 Deflect Missiles         Chrm/Air       #.........   100%        6    ######.
 Discord                  Hex            ####......   100%        8    #######


Dungeon Overview and Level Annotations

Branches:
Dungeon (10/15)            Temple (1/1) D:6            Lair (1/6) D:10
    Orc: D:9-12

Altars:
Ashenzari
Cheibriados
Dithmenos
Elyvilon
Fedhas
Gozag
Hepliaklqana
Kikubaaqudgha
Makhleb
Nemelex Xobeh
Okawaru
Qazlal
Ru
Sif Muna
Trog
Uskayaw
Vehumet
Wu Jian
Xom
Yredelemnul
Zin
The Shining One

Annotations:
D:9 exclusion: ice statue
D:10 1 runed translucent door, showme1245's ghost, novice MiGl


Innate Abilities, Weirdness & Mutations

You can breathe blasts of fire.
Your fiery red scales are hard. (AC +7)
You cannot fit into any form of body armour.
Your flesh is heat resistant. (rF+)
You are cold-blooded and may be slowed by cold attacks.


Message History

The six-headed hydra bites you but does no damage. x2
The six-headed hydra bites you. The six-headed hydra misses you.
The six-headed hydra bites you. The six-headed hydra bites you!
The six-headed hydra bites you! The six-headed hydra misses you.
The six-headed hydra bites you! x2
* * * LOW HITPOINT WARNING * * *
The six-headed hydra bites you!
* * * LOW HITPOINT WARNING * * *
The six-headed hydra bites you but does no damage.
Casting: Iskenderun's Mystic Blast (safe; 1% risk of failure)
Confirm with . or Enter, or press ? or * to list all spells.
Aiming: Iskenderun's Mystic Blast (safe; 1% risk of failure)
Press: ? - help, Shift-Dir - straight line, f/p - six-headed hydra
Aim: a six-headed hydra (heavily wounded, umbra)
The orb of energy hits the six-headed hydra!
The six-headed hydra is severely wounded.
The orb of energy explodes!
You hear a bellow!
The six-headed hydra bites you!
You die...

.# #..#...#...# ## '###
#.......#####+.## ...##
##..Y...#.......# ....##
#.##.###........# ...+.### ##
#.###.......# ...#.P.##
#.Y.........# ...#....######
#####.......##
...##P#....#P#####.##....^....
....#####.......@D..........+
...# #############.......#
#### #.......# ##.##P### ###
##


You could see a six-headed hydra.

Vanquished Creatures
  Harold (D:8)
  A two-headed ogre (D:10)
  Maurice (D:9)
  Psyche (D:9)
  Joseph (D:8)
  A centaur skeleton (D:8)
  A gargoyle (D:10)
  A troll (D:9)
  A hornet (D:10)
  Prince Ribbit (D:6)
  A hippogriff (D:9)
  4 yaks (Lair:1)
  2 water moccasins
  A porcupine (Lair:1)
  2 sky beasts
  2 orc warriors
  3 ice beasts
  2 necrophages (D:9)
  2 phantoms
  A black bear (D:10)
  5 ogres
  6 centaurs
  2 crocodiles (Lair:1)
  A gnoll sergeant (D:10)
  4 bullfrogs
  6 scorpions
  12 killer bees
  4 wights (D:7)
  5 crimson imps
  3 jellies
  2 bullfrog zombies
  A gnoll shaman (D:7)
  3 hounds
  8 orc priests
  An iguana (D:6)
  Ijyb (D:3)
  13 orc wizards
  9 worker ants
  A killer bee zombie (D:7)
  A hound zombie (D:6)
  A hound skeleton (D:2)
  A worker ant zombie (D:6)
  19 adders
  9 gnolls
  3 shadow imps
  3 ufetubi (D:9)
  3 oozes
  3 adder zombies
  An adder skeleton (D:7)
  9 worms
  2 dart slugs
  4 leopard geckos
  49 orcs
  A ball python (D:3)
  5 giant cockroaches
  8 goblins
  8 hobgoblins
  5 jackals
  A quokka (D:2)
  7 bats
  6 frilled lizards
  5 kobolds
  A leopard gecko skeleton (D:7)
  A quokka skeleton (D:8)
  12 rats
285 creatures vanquished.

Vanquished Creatures (others)
  A sky beast (D:8)
  A fungus (D:10)
2 creatures vanquished.

Grand Total: 287 creatures vanquished

Notes
Turn   | Place    | Note
-------+----------+-------------------------------------------
     0 | D:1      | Fondut the Draconian Conjurer began the quest for the Orb.
     0 | D:1      | Reached XP level 1. HP: 14/14 MP: 3/3
   366 | D:1      | Reached XP level 2. HP: 22/22 MP: 5/5
   428 | D:1      | Learned a level 2 spell: Searing Ray
   497 | D:1      | Reached skill level 1 in Fighting
  1032 | D:1      | Reached XP level 3. HP: 26/28 MP: 4/6
  1474 | D:2      | Found a sparkling altar of Nemelex Xobeh.
  1541 | D:2      | Noticed an ogre
  1661 | D:2      | Killed an ogre
  1661 | D:2      | Reached skill level 5 in Conjurations
  1661 | D:2      | Reached XP level 4. HP: 28/37 MP: 5/8
  1740 | D:2      | Learned a level 4 spell: Iskenderun's Mystic Blast
  1778 | D:2      | Reached XP level 5. HP: 42/42 MP: 4/9
  2540 | D:3      | Found a burning altar of Makhleb.
  3639 | D:3      | Reached XP level 6. HP: 51/51 MP: 5/11
  3652 | D:3      | Reached skill level 6 in Conjurations
  3784 | D:3      | Learned a level 4 spell: Fulminant Prism
  3957 | D:3      | Found an iron altar of Okawaru.
  4271 | D:3      | Noticed Ijyb
  4280 | D:3      | Killed Ijyb
  4465 | D:4      | Reached skill level 1 in Hexes
  4574 | D:3      | Your scales start taking on a fiery red colour.
  4574 | D:3      | Reached XP level 7. HP: 29/57 MP: 8/12
  4574 | D:3      | Gained mutation: Your flesh is heat resistant. (rF+) [Red
                  | Draconian growth]
  5531 | D:5      | Entered Level 5 of the Dungeon
  5690 | D:4      | Reached skill level 7 in Conjurations
  6246 | D:4      | Reached XP level 8. HP: 8/67 MP: 0/14
  6903 | D:5      | Got an encrusted falchion
  6904 | D:5      | Identified the +5 falchion "Ankacw" {flame, rElec} (You
                  | found it on level 5 of the Dungeon)
  6971 | D:6      | Found an ornate altar of the Wu Jian Council.
  7099 | D:6      | Found a staircase to the Ecumenical Temple.
  7105 | Temple   | Entered the Ecumenical Temple
  7263 | Temple   | Became a worshipper of Dithmenos the Shadowed
  7476 | D:6      | Found an opulent altar of Gozag.
  7504 | D:6      | Noticed Prince Ribbit
  7508 | D:6      | Killed Prince Ribbit
  7508 | D:6      | Reached skill level 5 in Fighting
  7508 | D:6      | Reached skill level 8 in Conjurations
  7771 | D:6      | Reached skill level 5 in Spellcasting
  8271 | D:7      | Got a crystal trident
  8272 | D:7      | Identified the +4 trident "Fociok" {venom, Int+5} (You
                  | found it on level 7 of the Dungeon)
  8375 | D:7      | Reached XP level 9. HP: 74/75 MP: 3/17
  8379 | D:7      | Reached skill level 9 in Conjurations
  8515 | D:7      | Reached * piety under Dithmenos
  8788 | D:7      | Got a sparkling tin ring
  8900 | D:7      | Found a snail-covered altar of Cheibriados.
  8992 | D:7      | Reached skill level 1 in Invocations
  9373 | D:7      | Found a shattered altar of Ashenzari.
  9924 | D:8      | Reached skill level 10 in Conjurations
 10002 | D:8      | Reached ** piety under Dithmenos
 10270 | D:8      | Reached XP level 10. HP: 72/86 MP: 13/19
 10333 | D:8      | Learned a level 3 spell: Dazzling Spray
 10448 | D:8      | Noticed Joseph
 10489 | D:8      | Killed Joseph
 10620 | D:8      | Noticed Harold
 10650 | D:8      | Killed Harold
 10922 | D:9      | Identified the ring of Satisfaction {rPois Str+2 Int+2}
                  | (You found it on level 7 of the Dungeon)
 10934 | D:9      | Noticed Maurice
 11438 | D:9      | Reached skill level 11 in Conjurations
 11601 | D:9      | Reached *** piety under Dithmenos
 12083 | D:9      | Found an ancient bone altar of Kikubaaqudgha.
 12262 | D:9      | Noticed an ice statue
 12429 | D:9      | Killed Maurice
 12429 | D:9      | Reached skill level 5 in Invocations
 12676 | D:9      | Found a radiant altar of Vehumet.
 12818 | D:9      | Noticed Psyche
 12821 | D:9      | Killed Psyche
 13112 | D:10     | Entered Level 10 of the Dungeon
 13826 | D:10     | Reached XP level 11. HP: 61/94 MP: 21/21
 14168 | D:10     | Found a runed translucent door.
 14168 | D:10     | Found a shimmering altar of Xom.
 14168 | D:10     | Noticed showme1245's ghost (novice MiGl)
 14171 | D:10     | Noticed a +1 long sword of chaos
 14222 | D:10     | Found a staircase to the Lair.
 14412 | D:10     | Noticed a two-headed ogre
 14417 | D:10     | Killed a two-headed ogre
 14417 | D:10     | Reached skill level 12 in Conjurations
 14827 | Lair:1   | Entered Level 1 of the Lair of Beasts
 15290 | Lair:1   | Reached **** piety under Dithmenos
 15291 | Lair:1   | Noticed a six-headed hydra
 15309 | Lair:1   | Slain by a six-headed hydra

Skill      XL: |  1  2  3  4  5  6  7  8  9 10 11 |
---------------+----------------------------------+-----
Fighting       | 1 2 3 4 5 7 8 9 |  9.2
Conjurations   | 5 6 7 8 10 11 12 | 12.3
Spellcasting   | 3 4 5 6 7 |  7.0
Hexes          | 1 2 3 |  3.1
Invocations    | 3 5 6 |  6.5
Dodging        | |  1.7
Stealth        | |  1.7

Action                   |  1- 3 |  4- 6 |  7- 9 | 10-12 || total
-------------------------+-------+-------+-------+-------++-------
Melee: Unarmed           |     9 |       |       |     3 ||    12
       Dagger            |    51 |    52 |       |       ||   103
       Tailslap          |     6 |     9 |    29 |    18 ||    62
       Falchion          |       |    21 |   141 |       ||   162
       Trident           |       |       |   151 |   183 ||   334
 Cast: Magic Dart        |    57 |    94 |   103 |    24 ||   278
       Searing Ray       |     1 |     8 |     7 |     1 ||    17
       Iskenderun's Myst |       |       |    24 |    88 ||   112
       Dazzling Spray    |       |       |       |     1 ||     1
  Use: Potion            |       |     4 |     1 |       ||     5
       Scroll            |       |       |    11 |     7 ||    18
 Stab: Sleeping          |       |     3 |     3 |     2 ||     8
  Eat: Chunk             |     3 |     9 |    16 |    18 ||    46
       Ration            |       |       |     2 |     1 ||     3
Armor: Skin              |    32 |    36 |   121 |    43 ||   232
Dodge: Dodged            |    48 |    70 |   259 |   179 ||   556
Block: Other             |       |       |    43 |    13 ||    56
       Reflection        |       |       |     2 |     2 ||     4
       Rpst.: Falchion   |       |     7 |    28 |       ||    35
